 Dungeon Crawl Stone Soup version 0.19-a0-1740-g0bcaf2e (webtiles) character file.

5791 holy777 the Reanimator (level 10, -6/85 HPs)
             Began as a Mummy Necromancer on Oct 1, 2016.
             Was an Initiate of Gozag.
             Mangled by a hill giant
             ... wielding a +0 giant club
              (30 damage)
             ... on level 11 of the Dungeon.
             The game lasted 00:47:25 (9856 turns).

holy777 the Reanimator (Mummy Necromancer)          Turns: 9856, Time: 00:47:26

Health: -6/85      AC: 11    Str: 12    XL:     10   Next: 50%
Magic:  5/21       EV: 15    Int: 18    God:    Gozag
Gold:   296        SH:  0    Dex: 17    Spells: 6 memorised, 9 levels left

rFire  x . .     SeeInvis .     f - +6 spear
rCold  + + .     Gourm    .     x - +2 robe {rC+}
rNeg   + + +     Faith    .     (no shield)
rPois  ∞         Spirit   .     i - +0 helmet
rElec  .         Dismiss  .     e - +0 cloak
rCorr  .         Reflect  .     g - +0 pair of gloves
MR     +....     Harm     .     (no boots)
Stlth  ++........               q - amulet of Vitality {Regen+ HP+15}
                                c - +5 ring of dexterity
                                l - +4 ring of protection

@: no status effects
A: no food or potions, fire vulnerability, cold resistance 1, negative energy
resistance 3, torment resistance, unbreathing
a: Potion Petition, Call Merchant, Bribe Branch, Renounce Religion


You were on level 11 of the Dungeon.
You worshipped Gozag.
Gozag was aware of your devotion.
You were not hungry.

You visited 2 branches of the dungeon, and saw 12 of its levels.

You collected 1484 gold pieces.
You spent 18 gold pieces at shops.
You paid 1170 gold pieces to Gozag.

Inventory:

Hand Weapons
 f - a +6 spear (weapon)
 o - a +0 blowgun
 u - a +2 dagger of venom
Missiles
 k - 3 tomahawks (quivered)
Armour
 e - a +0 cloak (worn)
 g - a +0 pair of gloves (worn)
 i - a +0 helmet (worn)
 x - a +2 robe of cold resistance (worn)
Jewellery
 c - a +5 ring of dexterity (right hand)
 l - a +4 ring of protection (left hand)
 q - the amulet of Vitality (around neck) {Regen+ HP+15}
   (You found it on level 4 of the Dungeon)

   [amulet of regeneration]

   It affects your health (+15).
   It increases your rate of regeneration.
 w - a +3 ring of strength
 B - an uncursed amulet of magic regeneration {unknown}
Wands
 j - a wand of digging (13/24)
 p - a wand of digging (11/24)
 y - a wand of flame (20/48)
Scrolls
 a - a scroll of vulnerability {unknown}
 d - 4 scrolls of remove curse
 h - a scroll of magic mapping
 n - a scroll of blinking
 r - a scroll of holy word {unknown}
 t - a scroll of random uselessness {unknown}
 v - 3 scrolls of teleportation
 z - a scroll of fog {unknown}
 A - a scroll of identify
Books
 b - a book of Necromancy

   Spells                             Type                      Level
   a - Pain                           Necromancy                   1
   b - Animate Skeleton               Necromancy                   1
   c - Vampiric Draining              Necromancy                   3
   d - Regeneration                   Charms/Necromancy            3
   e - Animate Dead                   Necromancy                   4
   f - Control Undead                 Necromancy                   4
 m - a book of Changes

   Spells                             Type                      Level
   a - Beastly Appendage              Transmutation                1
   b - Sticks to Snakes               Transmutation                2
   c - Spider Form                    Transmutation/Poison         3
   d - Ice Form                       Ice/Transmutation            4
   e - Blade Hands                    Transmutation                5
Miscellaneous
 s - a crystal ball of energy


   Skills:
 + Level 3.3 Fighting
 + Level 0.1 Short Blades
 + Level 5.5 Polearms
 + Level 0.7 Throwing
 * Level 5.4 Dodging
 - Level 1.5 Stealth
 + Level 7.7 Spellcasting
 + Level 10.1 Necromancy


You had 9 spell levels left.
You knew the following spells:

 Your Spells              Type           Power        Failure   Level  Hunger
a - Pain                  Necr           ####         1%          1    N/A
b - Animate Skeleton      Necr           N/A          1%          1    N/A
c - Vampiric Draining     Necr           #####.....   1%          3    N/A
d - Animate Dead          Necr           N/A          1%          4    N/A
e - Control Undead        Necr           #####.....   1%          4    N/A
f - Sticks to Snakes      Tmut           #.......     17%         2    N/A

Dungeon Overview and Level Annotations

Branches:
Dungeon (10/15)            Temple (1/1) D:5            Lair (0/6) D:9
    Orc (0/2) D:9

Altars:
Ashenzari
Cheibriados
Dithmenos
Elyvilon
Fedhas
Gozag
Hepliaklqana
Kikubaaqudgha
Makhleb
Nemelex Xobeh
Okawaru
Qazlal
Ru
Sif Muna
Trog
Uskayaw
Vehumet
Xom
Yredelemnul
Zin
The Shining One

Shops:
D:6 :   D:8 [

Annotations:
D:8 removeelyvilon's ghost, novice GrFE
D:11 4thArraOfDagon's ghost, novice MiMo


Innate Abilities, Weirdness & Mutations

You do not eat or drink.
Your flesh is vulnerable to fire.
You are immune to poison.
Your flesh is cold resistant. (rC+)
You are immune to negative energy. (rN+++)
You are immune to unholy pain and torment.
You can survive without breathing.


Message History

The centaur wields a glowing shortbow.
It is covered in frost.
The centaur shoots an arrow.
The arrow hits you.
* * * LOW HITPOINT WARNING * * *
The hound skeleton is no longer distracted by gold.
The centaur shoots an arrow.
The arrow closely misses you.
The centaur shoots an arrow.
The arrow hits you but does no damage.
The centaur shoots an arrow.
The arrow closely misses you.
The centaur shoots an arrow.
The arrow hits you but does no damage.
Found 32 sling bullets.
A centaur comes into view.
You see here an arrow.
An ogre comes into view. It is wielding a giant spiked club.
Your surroundings suddenly seem different.
Found a plate armour.
A sky beast and a hill giant come into view.
The sky beast moves out of view.
You open the door.
The hill giant hits you with a giant club!!
You die...
Your body crumbles into a pile of gold.

..### #...
#..... .....
#..... .....
#..... ......
#.....####.Y....
#...........#
#...........+
#...........#
#.....C@....#
......#'#####
......#..
......#... .....
#..## ..... #..#
.... #... #...


You could see a hill giant and a sky beast.

Vanquished Creatures
  Psyche (D:9)
  A hippogriff (D:8)
  3 hungry ghosts
  A water moccasin (D:9)
  5 orc warriors
  A wasp (D:8)
  3 sky beasts
  A necrophage (D:5)
  3 ice beasts
  3 ogres
  A black bear (D:7)
  5 phantoms
  2 centaurs
  2 crocodiles (D:9)
  A big kobold (D:5)
  5 bullfrogs
  A wyvern skeleton (D:8)
  A water moccasin skeleton (D:11)
  A scorpion (D:9)
  8 killer bees
  9 wights
  4 howler monkeys
  A centaur zombie (D:7)
  4 crimson imps
  3 jellies
  A quasit (D:8)
  2 bullfrog zombies
  A hound (D:4)
  5 bullfrog skeletons
  5 orc priests
  2 iguanas
  9 orc wizards
  5 worker ants
  A killer bee zombie (D:9)
  A hound zombie (D:9)
  2 hound skeletons
  A mummy (D:5)
  8 gnolls
  A howler monkey skeleton (D:9)
  12 adders
  3 river rats (D:9)
  A shadow imp (D:8)
  An ooze (D:2)
  2 adder zombies
  An adder skeleton (D:6)
  A dart slug (D:1)
  4 leopard geckos
  20 orcs
  3 ball pythons
  8 giant cockroaches
  11 goblins
  11 hobgoblins
  5 jackals
  29 kobolds
  A quokka (D:8)
  A ball python skeleton (D:4)
  4 bats
  3 frilled lizards
  A hobgoblin zombie (D:5)
  An orc zombie (D:5)
  A quokka skeleton (D:5)
  4 rats
242 creatures vanquished.

Vanquished Creatures (collateral kills)
  A centaur (D:8)
  A bullfrog (D:9)
  4 wights
  3 orc wizards
  3 gnolls
  An adder (D:9)
  A dart slug (D:2)
  4 orcs
  A ball python (D:1)
  A hobgoblin (D:2)
  A jackal (D:9)
  A kobold (D:2)
  2 orc zombies (D:5)
24 creatures vanquished.

Vanquished Creatures (others)
  A worker ant (D:11)
  An orc (D:8)
2 creatures vanquished.

Grand Total: 268 creatures vanquished

Notes
Turn   | Place    | Note
-------+----------+-------------------------------------------
     0 | D:1      | holy777 the Mummy Necromancer began the quest for the Orb.
     0 | D:1      | Reached XP level 1. HP: 13/13 MP: 3/3
    18 | D:1      | Learned a level 1 spell: Animate Skeleton
   255 | D:1      | Reached XP level 2. HP: 13/19 MP: 0/5
   962 | D:1      | Reached XP level 3. HP: 22/24 MP: 3/6
   967 | D:1      | Learned a level 3 spell: Vampiric Draining
  1407 | D:2      | Reached skill level 5 in Necromancy
  1606 | D:2      | Reached XP level 4. HP: 30/30 MP: 7/7
  2547 | D:3      | Reached XP level 5. HP: 35/35 MP: 6/9
  2581 | D:3      | Learned a level 4 spell: Animate Dead
  3037 | D:4      | Reached skill level 1 in Polearms
  3112 | D:4      | Reached XP level 6. HP: 22/42 MP: 2/11
  3488 | D:4      | Reached skill level 1 in Fighting
  3488 | D:4      | Reached skill level 6 in Necromancy
  3697 | D:5      | Entered Level 5 of the Dungeon
  3751 | D:5      | Noticed an ice beast
  3797 | D:5      | Killed an ice beast
  3797 | D:5      | Reached XP level 7. HP: 48/48 MP: 12/12
  4176 | D:5      | Learned a level 4 spell: Control Undead
  4403 | D:5      | Found a staircase to the Ecumenical Temple.
  4429 | D:5      | Reached skill level 7 in Necromancy
  4592 | Temple   | Entered the Ecumenical Temple
  4721 | Temple   | Became a worshipper of Gozag Ym Sagoz the Greedy
  4933 | D:5      | Reached XP level 8. HP: 37/54 MP: 0/15
  5403 | D:6      | Reached skill level 5 in Spellcasting
  5478 | D:6      | Found Zeluv's Book Emporium.
  5638 | D:6      | Reached skill level 8 in Necromancy
  6373 | D:6      | Learned a level 2 spell: Sticks to Snakes
  6557 | D:7      | Reached XP level 9. HP: 61/61 MP: 1/17
  7022 | D:7      | Reached skill level 9 in Necromancy
  7035 | D:7      | Found a blossoming altar of Fedhas.
  7375 | D:8      | Noticed removeelyvilon's ghost (novice GrFE)
  7817 | D:8      | Found a glowing golden altar of the Shining One.
  8386 | D:8      | Bought a glowing robe for 18 gold pieces
  8707 | D:9      | Noticed Psyche
  8746 | D:9      | Killed Psyche
  8746 | D:9      | Reached XP level 10. HP: 59/69 MP: 17/20
  8779 | D:9      | Found a staircase to the Lair.
  8947 | D:9      | Reached skill level 5 in Polearms
  9132 | D:9      | Reached skill level 10 in Necromancy
  9300 | D:9      | Found a staircase to the Orcish Mines.
  9334 | D:9      | Reached skill level 5 in Dodging
  9613 | D:10     | Entered Level 10 of the Dungeon
  9744 | D:10     | Noticed a gargoyle
  9769 | D:10     | Noticed a hill giant
  9817 | D:10     | You fall through a shaft!
  9819 | D:11     | Noticed 4thArraOfDagon's ghost (novice MiMo)
  9853 | D:11     | Noticed a hill giant
  9856 | D:11     | Mangled by a hill giant

Vault maps used:
D:1:      eino_arrival_tree_alley, st_stairs_6, minmay_curled_crystal,
          minmay_misc_feat_enclosed, hangedman_abyss_or_decor_lesser_grid,
          minivault_11
D:2:      minmay_goblin_outpost
D:5:      kennysheep_kobold_camp, first_bread, minmay_mini_ossuary
D:6:      serial_shops, nicolae_shop_waterfront
D:7:      fedhas_altar_1
D:8:      basic_altar
D:9:      dpeg_lair_monsters, david_orc_2, uniq_psyche
D:11:     grunt_tengu_nest, uniq_fannar, uniq_urug
Temple:   kilobyte_greek_temple

Skill      XL: |  1  2  3  4  5  6  7  8  9 10 |
---------------+-------------------------------+-----
Necromancy     | 5 6 7 8 9 10 | 10.1
Spellcasting   | 3 4 5 7 |  7.7
Polearms       | 1 2 3 4 5 |  5.5
Fighting       | 1 2 3 |  3.3
Dodging        | 2 3 4 5 |  5.4
Short Blades   | |  0.1
Throwing       | |  0.7
Stealth        | |  1.5

Action                   |  1- 3 |  4- 6 |  7- 9 | 10-12 || total
-------------------------+-------+-------+-------+-------++-------
Melee: Dagger            |    11 |       |       |       ||    11
       Spear             |    13 |   132 |   355 |   246 ||   746
Throw: Tomahawk          |       |     4 |     3 |       ||     7
 Cast: Pain              |    55 |    59 |   118 |    29 ||   261
       Animate Skeleton  |    10 |    14 |       |       ||    24
       Animate Dead      |       |     4 |    10 |       ||    14
       Control Undead    |       |       |    39 |     8 ||    47
       Vampiric Draining |       |       |    20 |    16 ||    36
Invok: Potion Petition   |       |       |     1 |     1 ||     2
       Call Merchant     |       |       |     1 |       ||     1
  Use: Scroll            |     1 |     3 |    13 |     1 ||    18
 Stab: Sleeping          |     2 |       |     5 |     1 ||     8
       Distracted        |       |       |     2 |     2 ||     4
Armor: Robe              |     4 |    54 |   108 |    77 ||   243
Dodge: Dodged            |    19 |    88 |   217 |   174 ||   498
